PAAA
PLYMOUTH ROCKS @ SACRAMENTO REDLEGS
05/31/2042
 
TOP OF THE 1ST
Plymouth Rocks batting - Pitching for Sacramento Redlegs : RHP Luis Varela
Pitching: RHP Luis Varela
Batting: LHB Michael Malloy 0-0: Ball
1-0: Foul Ball, location: 2F
1-1: Ball
2-1: Foul Ball, location: 2F
2-2: Fly out, F6 (Popup, 6MS, EV 76.2 MPH)
Batting: RHB Tony Randolph 0-0: Foul Ball, location: 2F
0-1: Foul Ball, location: 2F
0-2: Ball
1-2: Ball
2-2: Ball
3-2: Strikes out looking
Batting: RHB Guillermo Coss 0-0: Ball
1-0: Ground out 4-3 (Groundball, 4, EV 81.9 MPH)
Top of the 1st over - 0 runs, 0 hits, 0 errors, 0 left on base; Plymouth 0 - Sacramento 0
BOTTOM OF THE 1ST
Sacramento Redlegs batting - Pitching for Plymouth Rocks : LHP Ricardo Fraga
Pitching: LHP Ricardo Fraga
Batting: RHB Ignacio González 0-0: Called Strike
0-1: Swinging Strike
0-2: Ball
1-2: Strikes out swinging
Batting: LHB Wilson Sabadodíaz 0-0: Foul Ball, location: 2F
0-1: Ground out 2-3 (Groundball, 15S, EV 68.8 MPH)
Batting: RHB Lautaro Lacasa 0-0: Ball
1-0: Ball
2-0: Called Strike
2-1: Ball
3-1: Swinging Strike
3-2: Strikes out swinging
Bottom of the 1st over - 0 runs, 0 hits, 0 errors, 0 left on base; Plymouth 0 - Sacramento 0
TOP OF THE 2ND
Plymouth Rocks batting - Pitching for Sacramento Redlegs : RHP Luis Varela
Batting: LHB Jesús Guillén 0-0: Fly out, F8 (Line Drive, 8LD, EV 99.4 MPH)
Batting: RHB Jaime Burgos 0-0: Ground out 5-3 (Groundball, 56S, EV 88.1 MPH)
Batting: LHB You-liang Yang 0-0: Ball
1-0: SINGLE (Flyball, 78S, EV 98.8 MPH)
Batting: RHB Josip Primorac 0-0: Ball
1-0: Ball
2-0: Foul Ball, location: 2F
2-1: Called Strike
2-2: Fly out, F9 (Flyball, 89S, EV 83.8 MPH)
Top of the 2nd over - 0 runs, 1 hit, 0 errors, 1 left on base; Plymouth 0 - Sacramento 0
BOTTOM OF THE 2ND
Sacramento Redlegs batting - Pitching for Plymouth Rocks : LHP Ricardo Fraga
Batting: RHB John Yossarian 0-0: Called Strike
0-1: Swinging Strike
0-2: Foul Ball, location: 2F
0-2: Ball
1-2: Fly out, F8 (Flyball, 8RD, EV 102.5 MPH)
Batting: LHB Carlos Árias 0-0: Ball
1-0: Called Strike
1-1: Called Strike
1-2: Ball
2-2: Foul Ball, location: 2F
2-2: SINGLE (Flyball, 7LM, EV 95.0 MPH) - OUT at second base trying to stretch hit.
Batting: RHB Chico Custardoi 0-0: Ground out 5-3 (Groundball, 5, EV 85.6 MPH)
Bottom of the 2nd over - 0 runs, 1 hit, 0 errors, 0 left on base; Plymouth 0 - Sacramento 0
TOP OF THE 3RD
Plymouth Rocks batting - Pitching for Sacramento Redlegs : RHP Luis Varela
Batting: RHB Curt Taylor 0-0: Called Strike
0-1: Fly out, F3 (Line Drive, 3, EV 75.6 MPH)
Batting: LHB Pedro Marrero 0-0: Foul Ball, location: 2F
0-1: Ball
1-1: Foul Ball, location: 2F
1-2: Ball
2-2: Foul Ball, location: 2F
2-2: Foul Ball, location: 2F
2-2: Foul Ball, location: 2F
2-2: Foul Ball, location: 2F
2-2: Ground out 4-3 (Groundball, 4, EV 80.0 MPH)
Batting: LHB Michael Malloy 0-0: Swinging Strike
0-1: Swinging Strike
0-2: Ball
1-2: Strikes out swinging
Top of the 3rd over - 0 runs, 0 hits, 0 errors, 0 left on base; Plymouth 0 - Sacramento 0
BOTTOM OF THE 3RD
Sacramento Redlegs batting - Pitching for Plymouth Rocks : LHP Ricardo Fraga
Batting: LHB Gabriel Anaya 0-0: Called Strike
0-1: Ball
1-1: Ball
2-1: Ball
3-1: Called Strike
3-2: Strikes out swinging
Batting: RHB Xi-ku An 0-0: Ball
1-0: Ground out 1-3 (Groundball, 34S, EV 84.4 MPH)
Batting: LHB Paulino Gómez 0-0: Ball
1-0: Ball
2-0: Ball
3-0: Base on Balls
Batting: RHB Ignacio González 0-0: SINGLE (Flyball, 78S, EV 89.4 MPH)
Paulino Gómez to second
Runner from 2nd tries for 3rd, SAFE, no throw by LF
Batting: LHB Wilson Sabadodíaz 0-0: Ball
1-0: Ball
2-0: Ball
3-0: Base on Balls
Ignacio González to second
Batting: RHB Lautaro Lacasa 0-0: Called Strike
0-1: Swinging Strike
0-2: Strikes out looking
Bottom of the 3rd over - 0 runs, 1 hit, 0 errors, 3 left on base; Plymouth 0 - Sacramento 0
TOP OF THE 4TH
Plymouth Rocks batting - Pitching for Sacramento Redlegs : RHP Luis Varela
Batting: RHB Tony Randolph 0-0: Ball
1-0: Foul Ball, location: 2F
1-1: Foul Ball, location: 2F
1-2: Ball
2-2: SINGLE (Line Drive, 4MD, EV 99.4 MPH)
Batting: RHB Guillermo Coss 0-0: Ball
1-0: Ball
2-0: Fly out, F7 (Flyball, 7D, EV 74.4 MPH)
Batting: LHB Jesús Guillén 0-0: Ball
1-0: Called Strike
1-1: Foul Ball, location: 2F
1-2: Fly out, F8 (Line Drive, 8RD, EV 105.0 MPH)
Batting: RHB Jaime Burgos 0-0: Ball
1-0: Ball
2-0: Swinging Strike
2-1: Ball
3-1: Foul Ball, location: 2F
3-2: DOUBLE (Flyball, 8LXD, EV 95.0 MPH)
Tony Randolph to third
Tony Randolph scores
Batting: LHB You-liang Yang 0-0: Called Strike
0-1: Ball
1-1: Foul Ball, location: 2F
1-2: SINGLE (Line Drive, 89S, EV 111.2 MPH)
Jaime Burgos to third
Runner from 3rd tries for Home, SAFE, throw by RF to home
Batting: RHB Josip Primorac 0-0: Called Strike
0-1: Ball
1-1: Ball
2-1: SINGLE (Flyball, 7S, EV 95.6 MPH)
You-liang Yang to second
Batting: RHB Curt Taylor 0-0: Called Strike
0-1: Ball
1-1: DOUBLE (Flyball, 8RXD, EV 103.8 MPH)
You-liang Yang scores
Josip Primorac to third
Runner from 3rd tries for Home, SAFE, no throw by CF
Batting: LHB Pedro Marrero 0-0: Ball
1-0: Ground out 4-3 (Groundball, 4, EV 81.9 MPH)
Top of the 4th over - 4 runs, 5 hits, 0 errors, 1 left on base; Plymouth 4 - Sacramento 0
BOTTOM OF THE 4TH
Sacramento Redlegs batting - Pitching for Plymouth Rocks : LHP Ricardo Fraga
Batting: RHB John Yossarian 0-0: Fly out, F2 (Popup, 3SF, EV 70.0 MPH)
Batting: LHB Carlos Árias 0-0: Ball
1-0: Ground out 1-3 (Groundball, 34S, EV 63.1 MPH)
Batting: RHB Chico Custardoi 0-0: Ball
1-0: SINGLE (Groundball, 6D, EV 96.9 MPH)
Batting: LHB Gabriel Anaya 0-0: Swinging Strike
0-1: Ball
1-1: SINGLE (Groundball, 56S, EV 70.0 MPH) (infield hit)
Chico Custardoi to second
Batting: RHB Xi-ku An 0-0: Ball
1-0: Fly out, F9 (Flyball, 9, EV 83.8 MPH)
Bottom of the 4th over - 0 runs, 2 hits, 0 errors, 2 left on base; Plymouth 4 - Sacramento 0
TOP OF THE 5TH
Plymouth Rocks batting - Pitching for Sacramento Redlegs : RHP Luis Varela
Batting: LHB Michael Malloy 0-0: Ball
1-0: Ball
2-0: Called Strike
2-1: Ball
3-1: Ground out 1-3 (Groundball, 34S, EV 80.6 MPH)
Batting: RHB Tony Randolph 0-0: Ball
1-0: Swinging Strike
1-1: Foul Ball, location: 2F
1-2: Foul Ball, location: 2F
1-2: Ball
2-2: Ball
3-2: SINGLE (Line Drive, 5D, EV 96.9 MPH)
Batting: RHB Guillermo Coss 0-0: Ball
1-0: Ball
2-0: Ball
3-0: Base on Balls
Tony Randolph to second
Batting: LHB Jesús Guillén 0-0: Ball
1-0: Swinging Strike
1-1: Foul Ball, location: 2F
1-2: Strikes out swinging
Batting: RHB Jaime Burgos 0-0: Ball
1-0: Ball
2-0: Swinging Strike
2-1: Ball
3-1: Foul Ball, location: 2F
3-2: Foul Ball, location: 2F
3-2: Strikes out looking
Top of the 5th over - 0 runs, 1 hit, 0 errors, 2 left on base; Plymouth 4 - Sacramento 0
BOTTOM OF THE 5TH
Sacramento Redlegs batting - Pitching for Plymouth Rocks : LHP Ricardo Fraga
Batting: LHB Paulino Gómez 0-0: Ball
1-0: Ball
2-0: Called Strike
2-1: Foul Ball, location: 2F
2-2: Strikes out swinging
Batting: RHB Ignacio González 0-0: Swinging Strike
0-1: Ball
1-1: Foul Ball, location: 2F
1-2: Ball
2-2: Fly out, F8 (Line Drive, 8RM, EV 89.4 MPH)
Batting: LHB Wilson Sabadodíaz 0-0: Foul Ball, location: 2F
0-1: Foul Ball, location: 2F
0-2: Ball
1-2: Ball
2-2: Ball
3-2: Foul Ball, location: 2F
3-2: Fly out, F9 (Line Drive, 9, EV 91.9 MPH)
Bottom of the 5th over - 0 runs, 0 hits, 0 errors, 0 left on base; Plymouth 4 - Sacramento 0
TOP OF THE 6TH
Plymouth Rocks batting - Pitching for Sacramento Redlegs : RHP Luis Varela
Pitching: RHP Jesús Nasario
Batting: LHB You-liang Yang 0-0: Called Strike
0-1: Ball
1-1: Ball
2-1: Ball
3-1: Fly out, F9 (Flyball, 9D, EV 105.6 MPH)
Batting: RHB Josip Primorac 0-0: Called Strike
0-1: Ball
1-1: Ground out 6-3 (Groundball, 6, EV 100.6 MPH)
Batting: RHB Curt Taylor 0-0: Ground out 5-3 (Groundball, 56, EV 105.0 MPH)
Top of the 6th over - 0 runs, 0 hits, 0 errors, 0 left on base; Plymouth 4 - Sacramento 0
BOTTOM OF THE 6TH
Sacramento Redlegs batting - Pitching for Plymouth Rocks : LHP Ricardo Fraga
Batting: RHB Lautaro Lacasa 0-0: Ground out U3 (Groundball, 34, EV 102.5 MPH)
Batting: RHB John Yossarian 0-0: Ball
1-0: Foul Ball, location: 2F
1-1: Foul Ball, location: 2F
1-2: Strikes out swinging
Batting: LHB Carlos Árias 0-0: Ball
1-0: Foul Ball, location: 2F
1-1: Ball
2-1: Foul Ball, location: 2F
2-2: Ball
3-2: Base on Balls
Batting: RHB Chico Custardoi 0-0: Ball
1-0: Fielders Choice at 2nd, 6-4 (Groundball, 6, EV 103.1 MPH)
Bottom of the 6th over - 0 runs, 0 hits, 0 errors, 1 left on base; Plymouth 4 - Sacramento 0
TOP OF THE 7TH
Plymouth Rocks batting - Pitching for Sacramento Redlegs : RHP Jesús Nasario
Batting: LHB Pedro Marrero 0-0: Called Strike
0-1: Ball
1-1: Foul Ball, location: 2F
1-2: DOUBLE (Line Drive, 7LS, EV 97.5 MPH)
Batting: LHB Michael Malloy 0-0: Ball
1-0: Ball
2-0: Bunted foul
2-1: Sac Bunt to 5S - play at first, batter OUT! 5-4
Pedro Marrero to third
Batting: RHB Tony Randolph 0-0: Foul Ball, location: 2F
0-1: Ball
1-1: Foul Ball, location: 2F
1-2: SINGLE (Line Drive, 4MD, EV 100.0 MPH)
Pedro Marrero scores
Batting: RHB Guillermo Coss 0-0: Called Strike
0-1: Ball
1-1: SINGLE (Groundball, 25, EV 64.4 MPH) (infield hit)
Tony Randolph to second
Batting: LHB Jesús Guillén 0-0: Called Strike
0-1: Ball
1-1: Ball
2-1: Ball
3-1: Foul Ball, location: 2F
3-2: Base on Balls
Tony Randolph to third
Guillermo Coss to second
Batting: RHB Jaime Burgos 0-0: Called Strike
0-1: SINGLE (Groundball, 4MD, EV 101.2 MPH)
Tony Randolph scores
Guillermo Coss to third
Jesús Guillén to second
Batting: LHB You-liang Yang 0-0: Foul Ball, location: 2F
0-1: Fielders Choice at 2nd, 6-4 (Groundball, 6, EV 86.9 MPH)
Guillermo Coss scores
Jesús Guillén to third
Batting: RHB Josip Primorac 0-0: Ball
1-0: Ball
2-0: Called Strike
2-1: Called Strike
2-2: Strikes out swinging
Top of the 7th over - 3 runs, 4 hits, 0 errors, 2 left on base; Plymouth 7 - Sacramento 0
BOTTOM OF THE 7TH
Sacramento Redlegs batting - Pitching for Plymouth Rocks : LHP Ricardo Fraga
Pinch Hitting: RHB Lawrence Miller 0-0: Ball
1-0: Ball
2-0: Foul Ball, location: 2F
2-1: Ball
3-1: Base on Balls
Batting: RHB Xi-ku An 0-0: Ball
Wild Pitch!
Lawrence Miller to second
1-0: Ground out 6-3 (Groundball, 6, EV 80.0 MPH)
Lawrence Miller to third
Batting: LHB Paulino Gómez 0-0: Ball
1-0: Foul Ball, location: 2F
1-1: Called Strike
1-2: Foul Ball, location: 2F
1-2: Strikes out swinging
Batting: RHB Ignacio González 0-0: Ball
1-0: Fly out, F8 (Flyball, 8RS, EV 79.4 MPH)
Bottom of the 7th over - 0 runs, 0 hits, 0 errors, 1 left on base; Plymouth 7 - Sacramento 0
TOP OF THE 8TH
Plymouth Rocks batting - Pitching for Sacramento Redlegs : RHP Jesús Nasario
Now at 1B: Jorge Cruz
Batting: RHB Curt Taylor 0-0: Foul Ball, location: 2F
0-1: Fly out, F8 (Flyball, 8LD, EV 99.4 MPH)
Batting: LHB Pedro Marrero 0-0: Called Strike
0-1: Swinging Strike
0-2: Strikes out looking
Pinch Hitting: RHB Miguel Contreras 0-0: Ball
1-0: Called Strike
1-1: Ball
2-1: Foul Ball, location: 2F
2-2: Ball
3-2: Strikes out swinging
Top of the 8th over - 0 runs, 0 hits, 0 errors, 0 left on base; Plymouth 7 - Sacramento 0
BOTTOM OF THE 8TH
Sacramento Redlegs batting - Pitching for Plymouth Rocks : LHP Ricardo Fraga
Now in CF: Miguel Contreras
Batting: LHB Wilson Sabadodíaz 0-0: Foul Ball, location: 2F
0-1: Called Strike
0-2: Strikes out looking
Batting: RHB Lautaro Lacasa 0-0: Fly out, F8 (Line Drive, 8RD, EV 86.9 MPH)
Batting: RHB John Yossarian 0-0: Ball
1-0: Foul Ball, location: 2F
1-1: Swinging Strike
1-2: Strikes out swinging
Bottom of the 8th over - 0 runs, 0 hits, 0 errors, 0 left on base; Plymouth 7 - Sacramento 0
TOP OF THE 9TH
Plymouth Rocks batting - Pitching for Sacramento Redlegs : RHP Jesús Nasario
Batting: RHB Tony Randolph 0-0: Called Strike
0-1: Swinging Strike
0-2: Ball
1-2: Ground out 5-3 (Groundball, 56, EV 78.8 MPH)
Batting: RHB Guillermo Coss 0-0: SINGLE (Groundball, 34S, EV 68.8 MPH) (infield hit)
Pitching: RHP Jeremy Williams
Batting: LHB Jesús Guillén 0-0: Ball
1-0: Grounds into double play, 4-6-3 (Groundball, 34, EV 78.1 MPH)
Top of the 9th over - 0 runs, 1 hit, 0 errors, 0 left on base; Plymouth 7 - Sacramento 0
BOTTOM OF THE 9TH
Sacramento Redlegs batting - Pitching for Plymouth Rocks : LHP Ricardo Fraga
Batting: LHB Carlos Árias 0-0: Ball
1-0: Called Strike
1-1: Swinging Strike
1-2: Ground out U3 (Groundball, 34, EV 83.1 MPH)
Pitching: RHP Darko Trstenjak
Batting: RHB Chico Custardoi 0-0: Ball
1-0: Ball
2-0: SINGLE (Line Drive, 56, EV 95.0 MPH)
Batting: RHB Jorge Cruz 0-0: Called Strike
0-1: Reached on error, E2 (Groundball, 15S, EV 63.8 MPH)
Chico Custardoi to third
Batting: RHB Xi-ku An 0-0: Ball
1-0: Ball
2-0: Foul Ball, location: 2F
2-1: Ball
3-1: Base on Balls
Batting: LHB Paulino Gómez 0-0: Foul Ball, location: 2F
0-1: Ball
1-1: Ball
2-1: Ball
3-1: Base on Balls
Chico Custardoi scores
Jorge Cruz to third
Xi-ku An to second
Batting: RHB Ignacio González 0-0: Called Strike
0-1: Ball
1-1: Swinging Strike
1-2: Fielders Choice at 2nd, 6-4 (Groundball, 6, EV 87.5 MPH)
Jorge Cruz scores
Xi-ku An to third
Batting: LHB Wilson Sabadodíaz 0-0: Ball
1-0: Foul Ball, location: 2F
1-1: Foul Ball, location: 2F
1-2: Strikes out swinging
Bottom of the 9th over - 2 runs, 1 hit, 1 error, 2 left on base; Plymouth 7 - Sacramento 2
Friday, March 26th, 2021 - OOTP Baseball 20.8 Build 74